 Dungeon Crawl Stone Soup version 0.20.1-1-g8b1a95d (webtiles) character file.

135 vomix the Chopper (level 4, 0/58 HPs)
             Began as a Minotaur Berserker on Aug 22, 2017.
             Was a Priest of Trog.
             Succumbed to an orc wizard's poison
             ... on level 3 of the Dungeon.
             The game lasted 00:03:58 (1825 turns).

vomix the Chopper (Minotaur Berserker)              Turns: 1825, Time: 00:03:59

Health: 0/58       AC:  9    Str: 27    XL:     4   Next: 96%
Magic:  3/3        EV:  9    Int:  4    God:    Trog [***...]
Gold:   136        SH:  0    Dex: 10    Spells: 3/3 levels left

rFire    . . .     SeeInvis .   a - +0 hand axe
rCold    . . .     Gourm    .   (no shield)
rNeg     . . .     Faith    .   n - +0 chain mail
rPois    .         Spirit   .   (helmet restricted)
rElec    .         Reflect  .   (no cloak)
rCorr    .         Harm     .   l - +0 pair of gloves (curse)
MR       .....                  (no boots)
Stlth    ..........             (no amulet)
Regen    0.2/turn               (no ring)
MPRegen  0.1/turn               (no ring)

@: berserking, lethally poisoned (0 -> -4), very quick
A: retaliatory headbutt, horns 2
a: Berserk, Trog's Hand, Burn Spellbooks, Renounce Religion


You were on level 3 of the Dungeon.
You worshipped Trog.
Trog was most pleased with you.
You were hungry.

You visited 1 branch of the dungeon, and saw 3 of its levels.

You collected 136 gold pieces.

Inventory:

Hand Weapons
 a - a +0 hand axe (weapon)
Armour
 l - a cursed +0 pair of gloves (worn)
 n - a +0 chain mail (worn)
Scrolls
 d - 5 scrolls of identify {unknown}
 e - a scroll of fear {unknown}
 g - a scroll of remove curse {unknown}
 k - a scroll of immolation {unknown}
 m - a scroll of enchant weapon {unknown}
Potions
 b - a potion of brilliance {unknown}
 h - 2 potions of lignification {unknown}
 j - a potion of ambrosia {unknown}
Comestibles
 c - 3 bread rations
 f - 10 chunks of flesh


   Skills:
 - Level 3.6 Fighting
 + Level 6.9 Axes
 - Level 2.4 Armour
 - Level 2.1 Dodging


You had 3 spell levels left.
You didn't know any spells.

Dungeon Overview and Level Annotations

Branches:
Dungeon (3/15)

Altars:
Okawaru

Annotations:
D:3 Grinder


Innate Abilities, Weirdness & Mutations

You reflexively headbutt those who attack you in melee.
You have a pair of horns on your head.


Message History

The orc priest is severely wounded.
You hit the orc wizard. You slash Grinder! The orc priest closely misses you.
You furiously retaliate!
You headbutt the orc priest!
You feel the power of Trog in you as your rage grows.
You kill the orc priest!
Trog accepts your kill.
You closely miss the orc wizard.
The orc wizard is moderately wounded.
You closely miss Grinder.
The orc wizard hits you but does no damage.
You are poisoned.
Grinder hits you!
* * * LOW HITPOINT WARNING * * *
You writhe in agony.
* * * LOW HITPOINT WARNING * * *
You are too berserk!
You slash Grinder! Your headbutt misses Grinder.
Grinder is heavily wounded.
You hit the orc wizard.
You die...

.......#.# .. #.
#.###..#.# >##.
#.##...#.##### .#.
#.#..#..รท#....
..#
###...##.....###
.. #....#.....###
#.##.#....##..#
#.#.......##..#
#o@5...##.##...
#.).........#.###
...(.K$.!........
##.##.......##....
# ##........ .##
......###. ..$....
.......#


You could see Grinder, an orc wizard and a kobold.

Vanquished Creatures
  An orc priest (D:3)
  3 adders (D:2)
  3 worms
  2 dart slugs (D:1)
  2 leopard geckos (D:3)
  3 orcs (D:3)
  4 giant cockroaches
  8 goblins
  5 hobgoblins
  4 jackals (D:3)
  8 kobolds
  6 bats
  4 frilled lizards
  8 rats
61 creatures vanquished.

Notes
Turn   | Place    | Note
-------+----------+-------------------------------------------
     0 | D:1      | vomix the Minotaur Berserker began the quest for the Orb.
     0 | D:1      | Reached XP level 1. HP: 19/19 MP: 0/0
   107 | D:1      | Reached skill level 4 in Axes
   131 | D:1      | Reached XP level 2. HP: 21/26 MP: 1/1
   632 | D:2      | Reached skill level 5 in Axes
   632 | D:2      | Reached XP level 3. HP: 28/31 MP: 2/2
   634 | D:2      | Found an iron altar of Okawaru.
   730 | D:2      | Reached ** piety under Trog
  1569 | D:3      | Reached XP level 4. HP: 33/39 MP: 3/3
  1577 | D:3      | Reached skill level 6 in Axes
  1799 | D:3      | Reached *** piety under Trog
  1814 | D:3      | Noticed Grinder
  1824 | D:3      | HP: 2/58 [Grinder (8)]
  1825 | D:3      | Succumbed to an orc wizard's poison

Skill      XL: |  1  2  3  4 |
---------------+-------------+-----
Axes           | 4 5 6 |  6.9
Fighting       | |  3.6
Armour         | |  2.4
Dodging        | |  2.1

Action                   |  1- 3 |  4- 6 || total
-------------------------+-------+-------++-------
Melee: Hand axe          |    78 |    41 ||   119
       Headbutt          |    10 |     5 ||    15
Invok: Berserk           |       |     1 ||     1
  Eat: Chunk             |     2 |     1 ||     3
Armor: Animal skin       |     5 |       ||     5
       Ring mail         |    14 |       ||    14
       Chain mail        |     5 |    33 ||    38
Dodge: Dodged            |    44 |    17 ||    61
